 Dungeon Crawl Stone Soup version 0.28.0-47-ge53b351184 (webtiles) character file.

Game seed: 6442513603249544466

1547 issech the Cudgeller (level 8, -7/79 HPs)
             Began as a Troll Fighter on Apr 27, 2022.
             Engulfed by a steam dragon's steam (10 damage)
             ... on level 7 of the Dungeon.
             The game lasted 00:13:20 (5276 turns).

issech the Cudgeller (Troll Fighter)                Turns: 5276, Time: 00:13:21

Health: -7/79      AC:  7    Str: 25    XL:     8   Next: 57%
Magic:  7/7        EV:  9    Int:  4    God:
Gold:   360        SH:  8    Dex: 11    Spells: 7/7 levels left

rFire   . . .      SeeInvis .   b - +2 flail (holy)
rCold   . . .      Faith    .   c - +0 kite shield
rNeg    . . .      Spirit   .   D - +2 robe {Will+}
rPois   .          Reflect  .   v - +1 hat
rElec   .          Harm     .   (no cloak)
rCorr   .          Rampage  .   (gloves unavailable)
Will    +....                   (boots unavailable)
Stlth   +.........              (no amulet)
HPRegen 1.03/turn               C - ring of wizardry
MPRegen 0.10/turn               (no ring)

@: no status effects
A: large, unfitting armour, claws 3, regeneration 1, shaggy fur 1, tough skin 1
a: no special abilities


You were on level 7 of the Dungeon.
You visited 2 branches of the dungeon, and saw 8 of its levels.

You collected 360 gold pieces.

Inventory:

Hand Weapons
 a - a +0 flail
 b - a +2 flail of holy wrath (weapon)
 m - a +0 mace of protection
 z - a +1 great sword of holy wrath
 I - a +0 giant club
Missiles
 e - 279 stones
 g - 4 poisoned darts
 i - 66 sling bullets
 p - 83 arrows
 u - 7 boomerangs (quivered)
 w - 3 atropa-tipped darts
 A - 21 bolts
 H - 2 throwing nets
Armour
 c - a +0 kite shield (worn)
 v - a +1 hat (worn)
 D - a +2 robe of willpower (worn)
 F - an orb of wrath
Magical Staves
 x - a staff of earth
Jewellery
 C - a ring of wizardry (left claw)
 J - an amulet of magic regeneration
 K - a ring of ice
Wands
 j - a wand of flame (16)
Scrolls
 k - a scroll of fear {unknown}
 n - a scroll of blinking {unknown}
 o - a scroll of enchant armour {unknown}
 q - 2 scrolls of noise {unknown}
 s - 2 scrolls of identify {unknown}
 t - a scroll of silence {unknown}
 y - 2 scrolls of torment {unknown}
 G - a scroll of summoning {unknown}
 L - a scroll of acquirement {unknown}
 M - a scroll of enchant weapon {unknown}
Potions
 d - 2 potions of might
 f - 2 potions of curing {unknown}
 h - a potion of berserk rage {unknown}
 l - 2 potions of haste {unknown}
 r - 2 potions of heal wounds {unknown}
 B - 2 potions of resistance {unknown}
 E - a potion of mutation {unknown}


   Skills:
 + Level 4.4 Fighting
 + Level 6.3 Maces & Flails
 + Level 1.1 Throwing
 + Level 4.8 Dodging
 + Level 1.1 Stealth
 + Level 4.2 Shields


You had 7 spell levels left.
You didn't know any spells.
Your spell library contained the following spells:

 Spells                   Type           Power      Damage    Failure   Level
 Beastly Appendage        Tmut           0%         N/A       45%         1
 Magic Dart               Conj           0%         1d3       45%         1
 Searing Ray              Conj           0%         2d4       58%         2
 Wereblood                Tmut           0%         N/A       58%         2
 Spider Form              Tmut/Pois      0%         N/A       80%         3
 Fulminant Prism          Conj/Hex       0%         3d6       99%         4


Dungeon Overview and Level Annotations

Branches:
Dungeon (7/15)             Temple (1/1) D:6

Altars:
Ashenzari
Cheibriados
Dithmenos
Elyvilon
Fedhas
Gozag
Kikubaaqudgha
Makhleb
Nemelex Xobeh
Okawaru
Qazlal
Sif Muna
Trog
Wu Jian
Yredelemnul
Zin
The Shining One
Jiyva


Innate Abilities, Weirdness & Mutations

You are too large for most types of armour.
You have claws for hands.
Your natural rate of healing is unusually fast.
You are covered in fur. (AC +1)
You have tough skin. (AC +1)


Message History

A steam dragon comes into view.
The steam dragon hisses angrily.
Found a pink potion.
There is an open door here.
You hit the steam dragon.
The steam dragon is lightly wounded.
The steam dragon bites you! The steam dragon closely misses you.
You thump the steam dragon!
The steam dragon is heavily wounded.
The steam dragon breathes steam at you. The ball of steam hits you!
You hit the steam dragon.
The steam dragon is severely wounded.
You are engulfed in a cloud of scalding steam.
The steam dragon barely misses you. The steam dragon closely misses you.
You barely miss the steam dragon.
The steam dragon is severely wounded.
You are engulfed in a cloud of scalding steam.
You block the steam dragon's attack. The steam dragon claws you.
The steam dragon breathes steam at you. The ball of steam hits you!!
You closely miss the steam dragon.
The steam dragon is severely wounded.
You are engulfed in a cloud of scalding steam.
You block the steam dragon's attack.
The steam dragon claws you but does no damage.
You hit the steam dragon but do no damage.
The steam dragon is severely wounded.
You block the steam dragon's attack.
The steam dragon claws you but does no damage.
You sock the steam dragon!
The steam dragon is almost dead.
The steam dragon breathes steam at you. The ball of steam hits you!!
* * * LOW HITPOINT WARNING * * *
Unknown command.
You hit the steam dragon but do no damage.
The steam dragon is almost dead.
You are engulfed in a cloud of scalding steam.
You die...

#.....
#.....#####
......
#.....#......#
.....
#.....#......#
.....
#.....#.!....#
....
#.....#......#
+.....#......#
#.....#......#
#..)..#......#
#...ยงยง@D.....#
#.....#......#
#.....#......#
#.....########
#.....# +.....#
#.....# ###+###


You could see a steam dragon.

Vanquished Creatures
  Sigmund (D:6)
  Edmund (D:5)
  An ice beast (D:5)
  A black bear (D:6)
  An ogre (D:5)
  A necrophage (D:4)
  A bullfrog (D:6)
  3 scorpions
  A howler monkey (D:5)
  2 centaur zombies (D:5)
  A bullfrog skeleton (D:5)
  4 jellies
  An orc priest (D:5)
  3 hounds
  A gnoll shaman (D:6)
  An iguana (D:6)
  An orc wizard (D:5)
  3 hound zombies (D:5)
  6 adders
  5 gnolls
  2 ufetubi
  A worm (D:2)
  3 dart slugs
  13 orcs
  5 ball pythons
  7 endoplasms
  7 giant cockroaches
  3 goblins
  3 hobgoblins
  8 jackals
  3 kobolds
  5 quokkas
  5 bats
  A frilled lizard (D:3)
  6 rats
111 creatures vanquished.

Notes
Turn   | Place    | Note
-------+----------+-------------------------------------------
     0 | D:1      | issech the Troll Fighter began the quest for the Orb.
     0 | D:1      | Reached XP level 1. HP: 22/22 MP: 0/0
    83 | D:1      | Reached XP level 2. HP: 29/29 MP: 1/1
   110 | D:1      | Reached skill level 2 in Maces & Flails
   574 | D:1      | Reached XP level 3. HP: 36/36 MP: 2/2
   743 | D:2      | You fall into a shaft and drop 1 floor!
   944 | D:2      | Reached XP level 4. HP: 44/44 MP: 3/3
  1344 | D:2      | Reached skill level 3 in Maces & Flails
  2011 | D:3      | Found a faded altar of an unknown god.
  2261 | D:4      | Found a blossoming altar of Fedhas.
  2261 | D:4      | Found a burning altar of Makhleb.
  2375 | D:4      | Found a white marble altar of Elyvilon.
  2504 | D:4      | Noticed a necrophage
  2523 | D:4      | Killed a necrophage
  2524 | D:4      | Reached XP level 5. HP: 50/52 MP: 4/4
  3261 | D:5      | Entered Level 5 of the Dungeon
  3291 | D:5      | Noticed Edmund
  3332 | D:5      | Killed Edmund
  3333 | D:5      | Reached skill level 4 in Maces & Flails
  3333 | D:5      | Reached XP level 6. HP: 33/61 MP: 5/5
  3537 | D:5      | Found a broken altar of Ashenzari.
  3537 | D:5      | Noticed an ice beast
  3560 | D:5      | Killed an ice beast
  3597 | D:5      | Reached skill level 1 in Stealth
  3607 | D:5      | Reached XP level 7. HP: 67/67 MP: 6/6
  3745 | D:5      | Reached skill level 5 in Maces & Flails
  4273 | D:6      | Reached XP level 8. HP: 78/78 MP: 7/7
  4500 | D:6      | Found a staircase to the Ecumenical Temple.
  4562 | Temple   | Entered the Ecumenical Temple
  4773 | D:6      | Noticed Sigmund
  4784 | D:6      | Killed Sigmund
  4785 | D:6      | Reached skill level 6 in Maces & Flails
  4949 | D:6      | Found an iron altar of Okawaru.
  4949 | D:6      | Found a shadowy altar of Dithmenos.
  5001 | D:6      | Reached skill level 1 in Throwing
  5275 | D:7      | HP: 3/79 [steam dragon/ball of steam (25)]
  5276 | D:7      | Engulfed by a steam dragon's steam

Illustrated notes

Levels and vault maps discovered:
D:1:      elethiomel_arrival_shortcut, layout_basic
D:2:      layout_basic, nicolae_figureground_sparkle
D:3:      layout_rooms, shapermc_ecumenical_altar_mp_highgroup
D:4:      layout_basic, grunt_temple_overflow_open, kennysheep_mini_moat,
          minivault_24
D:5:      layout_basic, lemuel_round_altar, uniq_edmund
D:6:      layout_basic, gammafunk_temple_overflow_elements,
          minmay_temple_entry_arrows, minmay_misc_feat_encased, uniq_sigmund
D:7:      layout_gridville, gammafunk_temple_overflow_wave
Temple:   pf_slime_end_temple

Skill      XL: |  1  2  3  4  5  6  7  8 |
---------------+-------------------------+-----
Maces & Flails | 2 3 4 5 6 |  6.3
Dodging        | 3 4 |  4.8
Fighting       | 3 4 |  4.4
Shields        | 3 4 |  4.2
Stealth        | 1 |  1.1
Throwing       | 1 |  1.1

Action                   |  1- 3 |  4- 6 |  7- 9 || total
-------------------------+-------+-------+-------++-------
Melee: Flail             |   103 |       |   155 ||   258
       Mace              |    11 |   175 |    13 ||   199
Throw: Stone             |     4 |     4 |       ||     8
       Boomerang         |       |     4 |     6 ||    10
 Stab: Sleeping          |     1 |       |     2 ||     3
Armor: Robe              |    46 |    75 |    89 ||   210
Dodge: Dodged            |    59 |    69 |    90 ||   218
Block: Kite shield       |    57 |    79 |    91 ||   227
